Map: Automaton LE

Players

Cham

  • Race: Zerg Zerg
  • League: Master
  • Spawn Location: 3:00

Kelazhur - Winner!

  • Race: Terran Terran
  • League: Diamond
  • Spawn Location: 9:00

Event: 2019 WCS Winter Americas

VOD

Have the link to the VOD?

Description

Time

  • Played on: Feb. 2, 2019, 3:22 p.m.
  • Length: 24:06

All games in this series

Show
View Real Time Build Order
Export as new Build Order

Cham Zerg 

Build Orders: Pool First, Roach Hydra 

Get SALT Encoding   

  12  0:01  Drone  
  13  0:09  Drone  
  14  0:18  Overlord  
  14  0:36  Drone x2  
  16  0:43  Spawning Pool  
  16  0:44  Drone  
  16  0:53  Drone  
  17  0:58  Drone  
  18  1:15  Hatchery  
  17  1:20  Extractor  
  16  1:30  Zergling x6  
  19  1:34  Queen  
  21  1:45  Drone  
  22  1:58  Overlord  
  22  2:16  Queen  
  22  2:18  Drone x2  
  26  2:26  Drone  
  27  2:31  Hatchery  
  27  2:36  Drone  
  27  2:43  Overlord  
  27  2:45  Drone  
  27  2:47  Drone  
  29  2:52  Drone  
  29  2:53  Drone  
  29  2:56  Drone  
  32  2:59  Drone  
  32  3:01  Drone  
  32  3:05  Drone  
  35  3:11  Queen  
  37  3:23  Drone x3  
  37  3:24  Overlord  
  40  3:27  Drone x2  
  40  3:28  Drone  
  40  3:32  Drone  
  44  3:41  Queen  
  44  3:43  Overlord  
  46  3:48  Queen  
  48  4:01  Overlord, Drone  
  48  4:02  Drone x7  
  56  4:06  Queen  
  57  4:17  Zergling x12  
  58  4:23  Zergling x2  
  58  4:31  Drone x2  
  58  4:35  Drone  
  58  4:36  Drone x2  
  62  4:44  Spore Crawler x2  
  60  4:46  Spore Crawler  
  60  4:47  Drone x3  
  60  4:52  Drone x2  
  61  4:55  Drone x2  
  61  4:58  Drone  
  61  4:59  Drone  
  65  5:06  Drone x2  
  66  5:09  Metabolic Boost  
  66  5:14  Overlord x2  
  66  5:19  Overlord x2  
  66  5:22  Overlord  
  66  5:31  Lair  
  66  5:33  Drone x3  
  66  5:34  Extractor, Roach Warren  
  66  5:35  Drone x2  
  68  5:39  Drone x2  
  68  5:42  Drone x3  
  74  5:43  Drone  
  74  5:45  Extractor  
  74  5:46  Extractor  
  74  5:47  Drone x2  
  74  5:49  Drone  
  76  5:51  Extractor, Drone  
  76  5:52  Extractor  
  76  5:53  Drone x2  
  76  5:54  Drone  
  76  5:57  Overlord  
  78  5:58  Drone  
  78  5:59  Drone  
  78  6:01  Drone  
  78  6:02  Drone  
  78  6:03  Overlord  
  82  6:05  Drone  
  83  6:19  Roach x3  
  83  6:20  Roach, Hatchery  
  90  6:28  Drone x2  
  90  6:29  Drone  
  90  6:30  Glial Reconstitution  
  90  6:32  Hydralisk Den  
  90  6:33  Drone  
  90  6:34  Roach x2  
  90  6:35  Overseer  
  90  6:37  Overlord  
  95  6:45  Roach x2, Overlord  
  99  6:55  Drone x2  
  99  6:58  Drone x2  
  99  6:59  Evolution Chamber  
  99  7:00  Evolution Chamber  
  99  7:04  Infestation Pit  
  99  7:05  Hydralisk, Grooved Spines  
  99  7:08  Drone x2  
  100  7:10  Hydralisk  
  100  7:12  Hydralisk  
  104  7:16  Hydralisk  
  104  7:19  Hydralisk, Drone  
  104  7:20  Hydralisk  
  111  7:26  Hydralisk x2  
  111  7:29  Overlord  
  115  7:31  Drone  
  115  7:35  Zerg Ground Armor Level 1  
  116  7:37  Zerg Missile Weapons Level 1  
  116  7:41  Spore Crawler  
  116  7:44  Spore Crawler  
  115  7:46  Overlord, Roach  
  115  7:48  Roach x2  
  115  7:49  Drone x3  
  125  7:52  Overlord  
  125  7:53  Drone  
  125  7:58  Hive  
  126  8:00  Drone x3  
  126  8:04  Extractor x2, Drone x2  
  126  8:05  Overseer  
  129  8:07  Drone  
  129  8:08  Drone  
  129  8:11  Overlord  
  129  8:12  Overlord  
  131  8:13  Drone  
  131  8:14  Drone  
  131  8:16  Muscular Augments  
  131  8:19  Drone x2  
  136  8:20  Drone x2  
  136  8:21  Roach  
  136  8:26  Spore Crawler  
  138  8:31  Hydralisk, Roach x3  
  142  8:34  Hydralisk x2  
  142  8:36  Overlord  
  142  8:39  Hydralisk x2  
  150  8:46  Hydralisk x2, Overlord  
  154  8:52  Hydralisk  
  154  8:53  Hydralisk, Overlord  
  154  8:55  Overlord  
  158  8:59  Hydralisk, Roach x2  
  161  9:04  Hydralisk x3  
  161  9:06  Roach  
  161  9:09  Hydralisk x2  
  165  9:11  Viper  
  165  9:13  Viper  
  165  9:16  Viper  
  178  9:19  Viper x2  
  182  9:31  Zergling x24  
  186  9:40  Hydralisk x4  
  194  9:45  Overseer  
  194  9:46  Hydralisk x2  
  194  9:47  Hydralisk  
  200  9:58  Hatchery  
  200  9:59  Zerg Ground Armor Level 2  
  199  10:00  Zerg Missile Weapons Level 2  
  199  10:06  Extractor, Drone  
  198  10:25  Overlord  
  198  10:31  Overlord x2  
  187  10:48  Hydralisk x9  
  197  11:04  Hydralisk x2, Hatchery  
  200  11:26  Overseer  
  200  11:31  Hydralisk x2  
  198  11:34  Pneumatized Carapace  
  198  11:37  Hydralisk x8  
  194  12:01  Hydralisk x2  
  194  12:05  Spire  
  194  12:06  Spire  
  193  12:25  Hydralisk x2  
  191  12:36  Hydralisk x10  
  170  12:38  Overlord x2  
  170  12:39  Overlord x5  
  170  12:40  Hatchery  
  170  12:41  Zerg Ground Armor Level 3  
  170  12:42  Overseer x3, Zerg Missile Weapons Level 3  
  183  13:02  Hatchery  
  183  13:04  Hatchery  
  183  13:05  Hydralisk  
  181  13:06  Roach x3  
  181  13:07  Roach x4  
  181  13:10  Roach  
  199  13:26  Overseer x2  
  189  13:38  Hydralisk x6  
  189  13:39  Hydralisk, Extractor x2  
  199  13:42  Overseer  
  199  13:53  Spore Crawler, Drone x2  
  199  13:54  Spore Crawler  
  199  13:56  Spore Crawler, Drone x2  
  199  13:59  Spore Crawler  
  199  14:00  Drone  
  200  14:04  Zerg Flyer Armor Level 1, Zerg Flyer Weapons Level 1  
  187  14:22  Hydralisk  
  187  14:23  Hydralisk x10, Roach x2  
  195  14:25  Overseer  
  195  14:26  Roach  
  195  14:27  Roach  
  199  14:53  Hatchery  
  198  15:04  Hydralisk  
  170  16:13  Viper x4  
  158  16:19  Hydralisk x4  
  158  16:20  Hydralisk x5  
  176  16:28  Drone x2  
  176  16:29  Drone x5  
  176  16:30  Overlord x3  
  176  16:36  Hydralisk x5  
  186  16:45  Overlord x4  
  186  16:50  Hatchery  
  185  16:56  Overlord x2  
  185  17:03  Overlord  
  185  17:07  Drone x3  
  185  17:08  Hydralisk x6, Extractor x2  
  187  17:14  Hydralisk  
  197  17:53  Drone x2  
  197  17:58  Spine Crawler  
  198  18:00  Spine Crawler  
  198  18:04  Zerg Flyer Armor Level 2, Zerg Flyer Weapons Level 2  
  197  18:08  Drone x3  
  200  18:15  Extractor  
  200  18:18  Hatchery  
  197  18:22  Drone x6  
  165  18:48  Viper x3  
  165  18:49  Viper x2  
  165  18:54  Hydralisk x3  
  165  18:55  Hydralisk x7  
  199  18:56  Hydralisk, Extractor  
  200  19:16  Hydralisk  
  146  19:31  Hydralisk x6  
  146  19:32  Hydralisk x6  
  168  19:44  Hydralisk x4  
  170  19:54  Hydralisk x10  
  188  20:06  Hydralisk x5  
  198  20:17  Hydralisk  
  200  20:22  Hatchery  
  165  20:49  Hydralisk x5  
  161  20:50  Hydralisk x13  
  197  20:57  Spine Crawler  
  197  20:58  Spine Crawler  
  197  21:02  Hydralisk  
  197  21:03  Hydralisk  
  199  21:05  Drone  
  190  21:26  Roach x5  
  190  21:29  Greater Spire  
  200  21:34  Extractor  
  200  21:38  Drone x2  
  200  21:39  Drone x9  
  193  21:52  Hydralisk x3  
  196  22:07  Hatchery  
  180  22:13  Roach  
  180  22:14  Roach x9, Hatchery  
  167  22:31  Hydralisk  
  167  22:32  Hydralisk x3  
  163  22:42  Roach x5  
  163  22:43  Zergling x2  
  163  22:44  Zergling x8  
  170  22:57  Hydralisk x2  
  170  22:58  Zergling x8  
  122  23:26  Hydralisk  
  122  23:27  Hydralisk x2  
  101  23:30  Hydralisk  
  94  23:37  Drone  
  94  23:38  Drone x7  
Show
View Real Time Build Order
Export as new Build Order

Kelazhur Terran - Winner!

Build Orders: Gas First Reaper Expand, Hellion Banshee, Mech 

Get SALT Encoding   

  12  0:00  SCV  
  13  0:12  SCV  
  14  0:18  Supply Depot  
  14  0:24  SCV  
  15  0:28  Refinery  
  15  0:39  SCV  
  16  0:45  Barracks  
  16  0:51  SCV  
  17  1:03  SCV  
  18  1:15  SCV  
  19  1:33  Reaper, Orbital Command  
  20  1:44  Command Center  
  20  1:56  Factory  
  20  2:00  SCV  
  21  2:07  Barracks Reactor  
  21  2:12  SCV  
  21  2:18  Supply Depot  
  21  2:21  Refinery  
  21  2:24  SCV  
  22  2:36  SCV  
  23  2:45  Starport  
  23  2:48  Hellion x2  
  23  2:49  SCV  
  28  2:57  Orbital Command  
  28  3:00  Barracks Tech Lab  
  28  3:03  SCV  
  29  3:14  Hellion x2  
  33  3:20  SCV  
  33  3:24  SCV  
  35  3:29  Banshee  
  35  3:32  SCV  
  39  3:39  Hyperflight Rotors, Marine  
  40  3:41  SCV  
  40  3:44  SCV  
  42  3:53  SCV  
  43  3:56  SCV  
  43  4:00  Supply Depot x2  
  44  4:06  SCV  
  45  4:12  SCV  
  46  4:19  SCV  
  46  4:21  Hellion x2  
  50  4:28  Command Center  
  50  4:33  SCV  
  50  4:37  SCV  
  48  4:43  Hellion x2, Banshee  
  48  4:45  SCV  
  54  4:52  SCV  
  53  4:56  Supply Depot  
  53  4:57  SCV  
  54  5:04  SCV  
  54  5:06  Hellion x2  
  59  5:09  SCV  
  59  5:12  Factory  
  60  5:15  Factory  
  60  5:16  SCV  
  60  5:20  Refinery x2  
  61  5:22  SCV  
  61  5:23  Supply Depot  
  61  5:26  Banshee  
  66  5:28  SCV  
  66  5:29  Barracks Tech Lab  
  66  5:34  SCV  
  67  5:37  Hellion  
  67  5:40  SCV, Hellion, Orbital Command  
  72  5:47  SCV, Supply Depot  
  73  5:52  SCV  
  73  5:56  Factory Tech Lab  
  74  5:58  Orbital Command  
  74  5:59  SCV  
  75  6:04  SCV  
  75  6:05  Hellion x2  
  80  6:12  SCV  
  80  6:14  Banshee  
  80  6:16  Siege Tank  
  90  6:22  Factory  
  90  6:23  Supply Depot  
  90  6:24  Factory  
  90  6:30  SCV x3  
  93  6:35  Armory  
  93  6:41  Hellion x2, Siege Tank  
  93  6:42  SCV x2  
  99  6:51  Cyclone  
  99  6:52  SCV  
  103  6:54  SCV  
  103  6:57  SCV  
  105  7:04  Hellion x2  
  109  7:08  Supply Depot  
  109  7:09  Refinery  
  109  7:10  Factory Reactor, Factory Tech Lab  
  109  7:11  Refinery  
  109  7:23  Starport Tech Lab  
  109  7:30  SCV x3, Hellion, Cyclone  
  109  7:32  Mag-Field Accelerator  
  109  7:33  Infernal Pre-Igniter  
  117  7:45  Terran Vehicle And Ship Armor Level 1  
  117  7:48  Supply Depot  
  117  7:53  Command Center  
  117  8:00  Supply Depot  
  117  8:02  SCV, Hellion x2, Cyclone  
  117  8:04  Armory  
  125  8:07  Engineering Bay  
  125  8:10  SCV, Hellion x2, Cyclone  
  133  8:20  Supply Depot x2  
  133  8:21  SCV x2, Cyclone, Supply Depot  
  133  8:22  SCV  
  133  8:24  Supply Depot  
  139  8:33  SCV  
  136  8:34  Cyclone  
  136  8:36  Hellion  
  136  8:40  Supply Depot  
  141  8:41  Banshee  
  141  8:42  Hellion x3  
  141  8:47  Cyclone  
  153  8:53  Cyclone  
  156  8:55  SCV  
  156  8:56  SCV x2  
  156  8:58  Factory  
  156  8:59  Factory  
  156  9:00  Factory  
  140  9:10  Cyclone  
  140  9:11  Hellion x3  
  140  9:12  Hellion  
  140  9:14  SCV x3  
  154  9:23  Terran Vehicle Weapons Level 1  
  154  9:24  Orbital Command  
  152  9:26  SCV  
  153  9:32  Cyclone  
  153  9:33  Hellion x2, Cyclone  
  153  9:38  Cloaking Field, Banshee  
  163  9:48  SCV x2  
  163  9:50  Cyclone  
  168  9:55  Hellion x4  
  168  9:56  Factory Reactor, Factory Tech Lab  
  168  9:57  Factory Tech Lab  
  168  9:59  Terran Vehicle And Ship Armor Level 2  
  176  10:08  Cyclone  
  176  10:13  Supply Depot  
  179  10:16  Command Center  
  179  10:20  Cyclone x2  
  171  10:22  Hellion  
  171  10:23  Hellion x2, Siege Tank  
  171  10:28  Cyclone  
  183  10:39  Hellion x3  
  183  10:40  Cyclone  
  178  10:50  Hellion x2  
  178  10:52  Cyclone x2  
  178  10:55  Cyclone  
  183  11:03  Cyclone  
  183  11:04  Hellion  
  182  11:05  Hellion  
  182  11:06  Hellion x2  
  182  11:08  Banshee  
  195  11:11  Hellion x2  
  195  11:12  Cyclone  
  193  11:24  Siege Tank  
  195  11:38  Hellion  
  195  11:39  Hellion  
  196  11:40  Terran Vehicle Weapons Level 2  
  196  11:42  Planetary Fortress  
  196  11:44  Refinery  
  196  11:59  Thor, Siege Tank  
  199  12:07  Refinery  
  197  12:15  Terran Ship Weapons Level 1  
  197  12:21  Cyclone  
  200  12:23  Smart Servos, Drilling Claws  
  185  12:30  Cyclone x2  
  185  12:31  Hellion x6, Cyclone  
  180  12:43  Hellion  
  182  12:47  Hellion x6  
  182  12:50  Command Center  
  182  12:51  Command Center  
  182  12:53  SCV x3, Hellion x2, Cyclone  
  182  12:54  Command Center  
  192  13:02  Starport  
  192  13:03  Starport  
  192  13:04  Starport  
  192  13:05  Fusion Core  
  192  13:12  Cyclone x2  
  200  13:13  Hellion  
  176  13:29  Cyclone  
  176  13:34  Hellion, Cyclone x2  
  179  13:35  Hellion x3  
  179  13:39  Liberator  
  184  13:41  Hellion x2  
  184  13:44  Cyclone x2  
  190  13:54  Starport Reactor x3  
  190  13:55  Advanced Ballistics  
  190  13:56  Hellion x2, Terran Vehicle And Ship Armor Level 3  
  197  14:06  Hellion  
  197  14:07  Orbital Command x2  
  199  14:15  Hellion  
  169  14:18  Hellion  
  169  14:19  Cyclone x2  
  169  14:21  Hellion  
  169  14:22  Hellion x3, Liberator x3  
  177  14:36  Cyclone x2  
  177  14:37  Hellion x2  
  172  14:40  Hellion  
  172  14:43  Hellion x2, Cyclone  
  190  14:47  Planetary Fortress  
  190  14:53  Refinery  
  190  14:54  Orbital Command  
  190  14:55  Refinery  
  190  15:05  Hellion x2, Cyclone x2  
  200  15:08  Liberator x3  
  200  15:10  Refinery  
  200  15:15  Hellion, Liberator  
  197  15:48  Cyclone  
  200  15:51  Terran Ship Weapons Level 2  
  200  16:00  Command Center  
  192  16:05  Cyclone x3  
  192  16:06  Hellion, Command Center  
  181  16:22  Cyclone  
  181  16:23  Hellion, Cyclone  
  189  16:30  Liberator x3  
  187  16:33  Terran Vehicle Weapons Level 3  
  179  16:44  Cyclone x2  
  176  16:48  Hellion x7  
  189  17:02  Cyclone x2  
  191  17:14  Hellion x4  
  191  17:15  Orbital Command  
  196  17:18  Planetary Fortress  
  196  17:20  Refinery  
  196  17:22  Missile Turret  
  196  17:28  Sensor Tower  
  196  17:29  Sensor Tower  
  196  17:33  Cyclone  
  196  17:34  Hellion, Cyclone x3  
  189  17:40  Hellion  
  189  17:41  Hellion x4  
  189  17:44  Sensor Tower, Refinery  
  199  17:46  Refinery  
  199  17:58  Command Center  
  195  18:15  Cyclone  
  194  18:21  Cyclone x2  
  194  18:26  Hellion  
  185  18:38  Cyclone x2  
  185  18:39  Hellion x5  
  190  18:47  Hellion, Cyclone  
  195  18:53  Cyclone x2  
  195  19:04  Hellion  
  197  19:10  Cyclone, Terran Ship Weapons Level 3  
  197  19:23  Hellion  
  197  19:24  Hellion  
  185  19:25  Hellion  
  185  19:26  Cyclone  
  185  19:28  Cyclone x3  
  185  19:30  Hellion  
  174  19:31  Liberator x2  
  174  19:32  Hellion, Liberator x3  
  176  19:42  Cyclone  
  179  19:46  Hellion  
  179  19:47  Hellion  
  195  19:53  Planetary Fortress  
  195  19:58  Cyclone  
  195  20:00  Cyclone  
  198  20:19  Liberator  
  198  20:20  Liberator x3  
  198  20:24  Liberator x3  
  198  20:33  Hellion, Cyclone  
  198  20:34  Cyclone x2  
  190  20:42  Hellion  
  197  20:43  Hellion x4  
  186  20:51  Siege Tank  
  186  20:52  Siege Tank  
  184  21:04  Hellion  
  186  21:06  Siege Tank  
  186  21:13  Cyclone x2  
  186  21:15  Hellion x5  
  193  21:24  Hellion, Cyclone  
  189  21:33  Liberator x2  
  189  21:37  Hellion  
  189  21:38  Cyclone  
  190  21:45  Cyclone x2  
  190  21:46  Cyclone, Liberator  
  190  21:47  Liberator x2  
  187  21:48  Hellion  
  187  21:53  Hellion x4  
  197  21:56  Hellion  
  199  22:06  Hellion  
  199  22:10  Liberator x2  
  199  22:12  Refinery  
  199  22:15  Refinery  
  199  22:16  Liberator x2  
  199  22:24  Hellion x3  
  199  22:25  Hellion  
  199  22:26  Cyclone x2  
  199  22:28  Hellion  
  199  22:29  Liberator  
  156  22:31  Hellion, Cyclone x3  
  152  22:56  Hellion x6  
  158  22:58  Cyclone  
  158  22:59  Cyclone, Liberator x2  
  158  23:03  Cyclone  
  158  23:04  Cyclone x2  
  146  23:17  Hellion x3  
  146  23:18  Hellion x3  
  137  23:30  Cyclone  
  137  23:31  Hellion  
  136  23:36  Hellion x3  
  136  23:39  Hellion x6  
Tags
 
Add a new tag
Caveats
  • Supply blocks, unpowered buildings, or Contaminate may cause inaccurate times.
  • Supply counts are checked every 10 seconds.